 Dungeon Crawl Stone Soup version 0.28-a0-1415-g7c84da036a (webtiles) character file.

Game seed: 1644967215704365288

7893 Clumpoid the Blocker (level 11, -24/89 HPs)
             Began as a Gnoll Fighter on Jan 7, 2022.
             Was a Believer of Cheibriados.
             Killed from afar by an orc sorcerer (29 damage)
             ... with a bolt of fire
             ... on level 1 of the Orcish Mines.
             The game lasted 00:13:15 (12243 turns).

Clumpoid the Blocker (Gnoll Fighter)               Turns: 12243, Time: 00:13:15

Health: -24/89     AC: 19    Str: 21    XL:     11   Next: 22%
Magic:  0/20       EV:  7    Int: 21    God:    Cheibriados [**....]
Gold:   836        SH: 13    Dex: 15    Spells: 20/22 levels left

rFire   . . .      SeeInvis .   B - +10 dagger of Sahelaer {flame, Int+6}
rCold   . . .      Faith    .   f - +2 kite shield {AC+3}
rNeg    . . .      Spirit   +   G - +0 plate armour
rPois   .          Reflect  .   p - +1 helmet
rElec   .          Harm     .   F - scarf {repulsion}
rCorr   .          Rampage  .   (no gloves)
Will    .....                   (no boots)
Stlth   ..........              y - amulet of guardian spirit
HPRegen 0.24/turn               i - +4 ring of slaying
MPRegen 0.17/turn               x - ring of wizardry

@: repel missiles, very slow
A: fangs 1, strong nose, distributed training
a: Renounce Religion, Bend Time


You were on level 1 of the Orcish Mines.
You worshipped Cheibriados.
Cheibriados was pleased with you.
You visited 3 branches of the dungeon, and saw 11 of its levels.
You also visited: Sewer.

You collected 867 gold pieces.
You donated 31 gold pieces to Zin.

Inventory:

Hand Weapons
 a - a +0 trident
 B - the +10 dagger of Sahelaer (weapon) {flame, Int+6}
   (You found it on level 9 of the Dungeon)

   It burns those it strikes, dealing additional fire damage.
   Int:       It affects your intelligence (+6).
 E - a +1 war axe of flaming
Missiles
 D - 4 throwing nets (quivered)
Armour
 f - a +2 kite shield of protection (worn)
 p - a +1 helmet (worn)
 F - a scarf of repulsion (worn)
 G - a +0 plate armour (worn)
Jewellery
 i - a +4 ring of slaying (left hand)
 x - a ring of wizardry (right hand)
 y - an amulet of guardian spirit (around neck)
Wands
 c - a wand of acid (8)
 h - a wand of flame (43)
Scrolls
 e - 2 scrolls of vulnerability
 k - a scroll of torment
 o - a scroll of enchant armour
 t - 3 scrolls of fog
 v - 2 scrolls of teleportation
 z - 3 scrolls of identify
 C - a scroll of fear
Potions
 b - 2 potions of degeneration
 d - a potion of might
 j - 3 potions of magic
 m - 3 potions of curing
 n - 5 potions of resistance
 q - a potion of cancellation
 s - a potion of haste
 u - a potion of heal wounds
 A - a potion of berserk rage


   Skills:
 + Level 9.0 Fighting
 + Level 6.1 Short Blades
 + Level 6.1 Long Blades
 + Level 6.1 Axes
 + Level 6.1 Maces & Flails
 + Level 7.7 Polearms
 + Level 6.1 Staves
 + Level 6.1 Slings
 + Level 6.1 Bows
 + Level 6.1 Crossbows
 + Level 6.1 Throwing
 + Level 9.0 Armour
 + Level 6.1 Dodging
 + Level 6.1 Stealth
 + Level 9.0 Shields
 + Level 6.1 Unarmed Combat
 + Level 6.1 Spellcasting
 + Level 5.0 Conjurations
 + Level 5.0 Hexes
 + Level 5.0 Summonings
 + Level 5.0 Necromancy
 + Level 5.0 Translocations
 + Level 5.0 Transmutations
 + Level 5.0 Fire Magic
 + Level 5.0 Ice Magic
 + Level 5.0 Air Magic
 + Level 5.0 Earth Magic
 + Level 5.0 Poison Magic
 + Level 6.7 Invocations
 + Level 6.1 Evocations


You had 20 spell levels left.
You knew the following spells:

 Your Spells              Type           Power      Damage    Failure   Level
a - Wereblood             Tmut           27%        N/A       26%         2

Your spell library contained the following spells:

 Spells                   Type           Power      Damage    Failure   Level
 Animate Skeleton         Necr           54%        N/A       19%         1
 Beastly Appendage        Tmut           54%        N/A       19%         1
 Pain                     Necr           100%       1d9       19%         1
 Ozocubu's Armour         Ice            27%        N/A       45%         3
 Spider Form              Tmut/Pois      27%        N/A       45%         3
 Vampiric Draining        Necr           27%        2d7       45%         3
 Ozocubu's Refrigeration  Ice            13%        4d7       100%        7


Dungeon Overview and Level Annotations

Branches:
Dungeon (9/15)             Temple (1/1) D:7            Lair (0/6) D:8
    Orc (1/2) D:9           Sewer (visited)

Altars:
Cheibriados
Dithmenos
Elyvilon
Gozag
Kikubaaqudgha
Makhleb
Nemelex Xobeh
Okawaru
Sif Muna
Xom
Zin

Shops:
D:1 !   D:8 *


Innate Abilities, Weirdness & Mutations

You have very sharp teeth.
Your uncanny sense of smell can sniff out nearby items.
Your experience applies equally to all skills.


Message History

The sixfirhy is lightly wounded.
The troll closely misses you.
The troll claws you but does no damage. x2
The orc sorcerer casts a spell at you. You resist with significant effort.
You hit the orc sorcerer. You burn the orc sorcerer.
The orc sorcerer is moderately wounded.
You block the troll's attack. x2; The troll claws you but does no damage.
The orc sorcerer hits you but does no damage.
The sixfirhy barely misses you. The sixfirhy hits you. The sixfirhy shocks you!
You block the sixfirhy's attack. You block the sixfirhy's attack.
The sixfirhy hits you but does no damage. x2
The orc sorcerer hits you but does no damage. x2
You closely miss the orc sorcerer.
The orc sorcerer is lightly wounded.
An orc comes into view. It is wielding a +0 falchion.
You puncture the orc sorcerer! You burn the orc sorcerer.
You bite the orc sorcerer, but do no damage.
The orc sorcerer is severely wounded.
You block the orc sorcerer's attack.
You hit the orc sorcerer but do no damage.
The orc sorcerer is severely wounded.
The sixfirhy hits you. The sixfirhy shocks you!
The sixfirhy hits you but does no damage.
The orc sorcerer gestures at you while chanting.
The bolt of fire hits you!!
* * * LOW HITPOINT WARNING * * *
You hear a shout! x2
You hit the orc sorcerer but do no damage.
Your bite misses the orc sorcerer.
The orc sorcerer is severely wounded.
You hear a shout!
The sixfirhy hits you but does no damage. x2
The sixfirhy hits you!
* * * LOW HITPOINT WARNING * * *
The sixfirhy shocks you!
* * * LOW HITPOINT WARNING * * *
The orc sorcerer points at you and mumbles some strange words.
The bolt of fire hits you!!
You die...

...#......# ..#.
.........## .....
>.........## #...#.
...........# .....#
..........###### #....#
............#..##...##..
................)T......
..)............3#oo.o..#
....[...........@###..#.
#...).............# ...
.#.............#...# .
.##...........##....#
.....#....#.###.......
.#.........## .......#
#..........## .....###
............# #.#...#
#....##.....#


You could see a troll, a sixfirhy (summoned), an orc sorcerer, an orc warrior
and an orc.

Vanquished Creatures
  Harold (D:9)
  A two-headed ogre (D:9)
  An orc knight (D:9)
  An orc sorcerer (Orc:1)
  A komodo dragon (D:8)
  2 trolls (D:9)
  A shadow (D:9)
  3 yaks (D:9)
  A steam dragon (D:7)
  3 basilisks (D:8)
  3 water moccasins
  An orc warrior (D:9)
  3 sky beasts
  3 necrophages
  A swamp drake (D:8)
  2 ice beasts
  A black bear (D:7)
  4 ogres
  2 phantoms
  3 centaurs
  A kobold brigand (D:6)
  2 bullfrogs (Sewer)
  A gnoll sergeant (D:6)
  2 water moccasin zombies
  3 scorpions
  A wyvern skeleton (D:7)
  A water moccasin skeleton (D:5)
  15 wights
  A centaur zombie (D:5)
  2 jellies
  2 hounds
  3 orc priests
  Crazy Yiuf (D:3)
  2 iguanas
  3 orc wizards
  A howler monkey zombie (D:5)
  Robin (D:3)
  13 adders
  8 gnolls
  3 river rats (Sewer)
  A shadow imp (D:6)
  A white imp (D:5)
  An ufetubus (D:6)
  A worm (D:6)
  3 dart slugs
  23 orcs
  2 bats
  6 endoplasms
  8 giant cockroaches
  13 goblins
  10 hobgoblins
  9 jackals
  3 quokkas
  14 ball pythons
  8 frilled lizards
  7 kobolds
  38 rats
252 creatures vanquished.

Notes
Turn   | Place    | Note
-------+----------+-------------------------------------------
     0 | D:1      | Clumpoid the Gnoll Fighter began the quest for the Orb.
     0 | D:1      | Reached XP level 1. HP: 23/23 MP: 1/1
    25 | D:1      | Found Zekhuhad's Distillery.
    95 | D:1      | Reached XP level 2. HP: 29/29 MP: 2/2
   271 | D:1      | Found a faded altar of an unknown god.
   293 | D:1      | Prayed at the altar of an unknown god.
   293 | D:1      | Became a worshipper of Zin the Law-Giver
   293 | D:1      | Reached * piety under Zin
   419 | D:1      | Reached XP level 3. HP: 35/35 MP: 3/3
   881 | D:2      | Reached skill level 1 in Invocations
  1203 | D:2      | Reached skill level 1 in Short Blades
  1203 | D:2      | Reached skill level 1 in Long Blades
  1203 | D:2      | Reached skill level 1 in Axes
  1203 | D:2      | Reached skill level 1 in Maces & Flails
  1203 | D:2      | Reached skill level 1 in Staves
  1203 | D:2      | Reached skill level 1 in Slings
  1203 | D:2      | Reached skill level 1 in Bows
  1203 | D:2      | Reached skill level 1 in Crossbows
  1203 | D:2      | Reached skill level 1 in Throwing
  1203 | D:2      | Reached skill level 1 in Dodging
  1203 | D:2      | Reached skill level 1 in Stealth
  1203 | D:2      | Reached skill level 1 in Unarmed Combat
  1203 | D:2      | Reached skill level 1 in Spellcasting
  1203 | D:2      | Reached skill level 1 in Evocations
  1203 | D:2      | Reached XP level 4. HP: 40/41 MP: 5/5
  1523 | D:3      | Noticed a necrophage
  1538 | D:3      | Killed a necrophage
  1539 | D:3      | Reached skill level 1 in Conjurations
  1539 | D:3      | Reached skill level 1 in Hexes
  1539 | D:3      | Reached skill level 1 in Summonings
  1539 | D:3      | Reached skill level 1 in Necromancy
  1539 | D:3      | Reached skill level 1 in Translocations
  1539 | D:3      | Reached skill level 1 in Transmutations
  1539 | D:3      | Reached skill level 1 in Fire Magic
  1539 | D:3      | Reached skill level 1 in Ice Magic
  1539 | D:3      | Reached skill level 1 in Air Magic
  1539 | D:3      | Reached skill level 1 in Earth Magic
  1539 | D:3      | Reached skill level 1 in Poison Magic
  1539 | D:3      | Reached XP level 5. HP: 43/47 MP: 5/7
  1759 | D:3      | Reached ** piety under Zin
  1832 | D:3      | Found a runed translucent door.
  1833 | D:3      | Noticed Crazy Yiuf
  1957 | D:3      | Noticed Robin
  1992 | D:3      | Killed Robin
  2320 | D:3      | Reached XP level 6. HP: 53/53 MP: 8/8
  2470 | D:3      | Killed Crazy Yiuf
  2523 | D:4      | Reached skill level 5 in Polearms
  2677 | D:4      | Noticed a necrophage
  2683 | D:4      | Killed a necrophage
  2684 | D:4      | Reached XP level 7. HP: 59/59 MP: 10/10
  3007 | D:4      | Reached *** piety under Zin
  3186 | D:5      | Entered Level 5 of the Dungeon
  4154 | D:5      | Reached XP level 8. HP: 62/67 MP: 12/12
  5469 | D:6      | Found a glowing drain.
  5473 | Sewer    | Entered a sewer
  5777 | Sewer    | Reached XP level 9. HP: 48/72 MP: 14/14
  6622 | D:7      | Reached **** piety under Zin
  7373 | D:7      | Reached skill level 5 in Invocations
  7746 | D:7      | Found a staircase to the Ecumenical Temple.
  7755 | Temple   | Entered the Ecumenical Temple
  7764 | Temple   | Fell from the grace of Zin
  7764 | Temple   | Became a worshipper of Cheibriados the Contemplative
  7969 | D:8      | Noticed a komodo dragon
  7982 | D:8      | Killed a komodo dragon
  7983 | D:8      | Reached XP level 10. HP: 40/80 MP: 15/17
  8346 | D:8      | Found a staircase to the Lair.
  8554 | D:8      | Reached skill level 5 in Short Blades
  8554 | D:8      | Reached skill level 5 in Long Blades
  8554 | D:8      | Reached skill level 5 in Axes
  8554 | D:8      | Reached skill level 5 in Maces & Flails
  8554 | D:8      | Reached skill level 5 in Staves
  8554 | D:8      | Reached skill level 5 in Slings
  8554 | D:8      | Reached skill level 5 in Bows
  8554 | D:8      | Reached skill level 5 in Crossbows
  8554 | D:8      | Reached skill level 5 in Throwing
  8554 | D:8      | Reached skill level 5 in Dodging
  8554 | D:8      | Reached skill level 5 in Stealth
  8554 | D:8      | Reached skill level 5 in Unarmed Combat
  8554 | D:8      | Reached skill level 5 in Spellcasting
  8554 | D:8      | Reached skill level 5 in Evocations
  8843 | D:8      | Learned a level 2 spell: Wereblood
  8899 | D:8      | Found a sparkling altar of Nemelex Xobeh.
  8923 | D:8      | Found Pebo Ymn's General Store.
  9332 | D:9      | Reached * piety under Cheibriados
 10189 | D:9      | Found a staircase to the Orcish Mines.
 10195 | D:9      | Identified the +10 dagger of Sahelaer {flame, Int+6}
 10519 | D:9      | Noticed a two-headed ogre
 10525 | D:9      | Killed a two-headed ogre
 10724 | Orc:1    | Entered Level 1 of the Orcish Mines
 10732 | Orc:1    | Noticed Harold
 11014 | D:9      | Killed Harold
 11015 | D:9      | Reached XP level 11. HP: 54/87 MP: 11/19
 11364 | Orc:1    | Noticed an orc sorcerer
 11366 | Orc:1    | Noticed an orc knight
 11372 | Orc:1    | Killed an orc sorcerer
 11521 | D:9      | Killed an orc knight
 11522 | D:9      | Reached skill level 5 in Conjurations
 11522 | D:9      | Reached skill level 5 in Hexes
 11522 | D:9      | Reached skill level 5 in Summonings
 11522 | D:9      | Reached skill level 5 in Necromancy
 11522 | D:9      | Reached skill level 5 in Translocations
 11522 | D:9      | Reached skill level 5 in Transmutations
 11522 | D:9      | Reached skill level 5 in Fire Magic
 11522 | D:9      | Reached skill level 5 in Ice Magic
 11522 | D:9      | Reached skill level 5 in Air Magic
 11522 | D:9      | Reached skill level 5 in Earth Magic
 11522 | D:9      | Reached skill level 5 in Poison Magic
 11529 | D:9      | Reached ** piety under Cheibriados
 12225 | Orc:1    | Noticed an orc sorcerer
 12234 | Orc:1    | Noticed a sixfirhy
 12243 | Orc:1    | Killed from afar by an orc sorcerer

Illustrated notes

Levels and vault maps discovered:
D:1:      dpeg_arrival_court, layout_rooms, hellmonk_ecumenical_altar_zigzags,
          serial_shops, shop
D:2:      layout_loops_cross
D:3:      layout_basic, wander_ebering_terrifying_dragon_lair,
          uniq_crazy_yiuf_cottage, uniq_robin
D:4:      layout_basic
D:5:      layout_basic
D:6:      layout_gridville, gup_sewer_entry_spiral
D:7:      layout_loops_ring, minmay_temple_entry_poolview
D:8:      layout_rooms, mainiacjoe_overflow_brackets, erik_lair_dragon,
          serial_aquarium, aquarium_bridge_straight [aquarium_subvault_bridge,
          aquarium_subvault_wall, aquarium_subvault_bridge,
          aquarium_subvault_wall], aquarium_window_3, aquarium_window_corner,
          aquarium_view_2b, aquarium_balcony_3b, aquarium_pool_1, serial_shops,
          kennysheep_mini_moat
D:9:      layout_loops_corners, orc_0_dummy
Temple:   eino_narrow_crystal_temple
Orc:1:    layout_caves, serial_shops, shop, uniq_harold

Skill      XL: |  1  2  3  4  5  6  7  8  9 10 11 |
---------------+----------------------------------+-----
Invocations    | 1 2 3 4 5 6 |  6.7
Short Blades   | 1 2 3 4 5 6 |  6.1
Long Blades    | 1 2 3 4 5 6 |  6.1
Axes           | 1 2 3 4 5 6 |  6.1
Maces & Flails | 1 2 3 4 5 6 |  6.1
Staves         | 1 2 3 4 5 6 |  6.1
Slings         | 1 2 3 4 5 6 |  6.1
Bows           | 1 2 3 4 5 6 |  6.1
Crossbows      | 1 2 3 4 5 6 |  6.1
Throwing       | 1 2 3 4 5 6 |  6.1
Dodging        | 1 2 3 4 5 6 |  6.1
Stealth        | 1 2 3 4 5 6 |  6.1
Unarmed Combat | 1 2 3 4 5 6 |  6.1
Spellcasting   | 1 2 3 4 5 6 |  6.1
Evocations     | 1 2 3 4 5 6 |  6.1
Conjurations   | 1 2 3 4 5 |  5.0
Hexes          | 1 2 3 4 5 |  5.0
Summonings     | 1 2 3 4 5 |  5.0
Necromancy     | 1 2 3 4 5 |  5.0
Translocations | 1 2 3 4 5 |  5.0
Transmutations | 1 2 3 4 5 |  5.0
Fire Magic     | 1 2 3 4 5 |  5.0
Ice Magic      | 1 2 3 4 5 |  5.0
Air Magic      | 1 2 3 4 5 |  5.0
Earth Magic    | 1 2 3 4 5 |  5.0
Poison Magic   | 1 2 3 4 5 |  5.0
Polearms       | 5 6 7 |  7.7
Fighting       | 7 8 9 |  9.0
Armour         | 7 8 9 |  9.0
Shields        | 7 8 9 |  9.0

Action                   |  1- 3 |  4- 6 |  7- 9 | 10-12 || total
-------------------------+-------+-------+-------+-------++-------
Melee: Trident           |    96 |   121 |   451 |   105 ||   773
       Bite              |     8 |    12 |    52 |    34 ||   106
       Dagger            |       |       |       |   109 ||   109
Invok: Recite            |       |       |     1 |       ||     1
Evoke: Wand              |       |       |       |     2 ||     2
  Use: Scroll            |     1 |     5 |    10 |     2 ||    18
       Potion            |     1 |     1 |     3 |     1 ||     6
Armor: Scale mail        |    42 |    13 |       |       ||    55
       Chain mail        |       |    21 |   200 |    73 ||   294
       Plate armour      |       |       |       |    16 ||    16
Dodge: Dodged            |    21 |    35 |   117 |    50 ||   223
Block: Buckler           |    20 |    23 |    48 |       ||    91
       Kite shield       |       |       |   175 |   142 ||   317

Table legend: (Time is in decaauts)
 A = Elapsed time spent in this place.
 B = Non-inter-level travel time spent in this place.
 C = Inter-level travel time spent in this place.
 D = Time resting spent in this place.
 E = Time spent auto-exploring this place.
 F = Levels seen in this place.
 G = Mean time per level.
                   A        B        C        D        E       F      G
               +--------+--------+--------+--------+--------+-----+--------+
         Total |  13193 |  12030 |   1163 |   2674 |   7318 |  12 | 1099.4 |
       Dungeon |  12207 |  11055 |   1152 |   2532 |   6823 |   9 | 1356.3 |
        Temple |     19 |     10 |      9 |      0 |      6 |   1 |   19.0 |
  Orcish Mines |    436 |    436 |      0 |      0 |    297 |   1 |  436.0 |
         Sewer |    530 |    530 |      0 |    142 |    191 |   1 |  530.0 |
               +--------+--------+--------+--------+--------+-----+--------+

Top non-repeatable levels by time:
     D:9: 2745 daAuts
     D:8: 1636 daAuts
     D:5: 1438 daAuts
     D:6: 1371 daAuts
     D:3: 1244 daAuts
     D:4: 1234 daAuts
     D:7: 1049 daAuts
     D:1: 775 daAuts
     D:2: 712 daAuts
   Sewer: 530 daAuts
   Orc:1: 436 daAuts
  Temple: 19 daAuts
